 Dungeon Crawl Stone Soup version 0.31-a0-196-g86fe4a5e66 (webtiles) character file.

Game seed: 4164521056537165117

85 qw the Shooter (level 4, 0/25 HPs)
             Began as a Deep Elf Hunter on June 24, 2023.
             Slain by an endoplasm (1 damage)
             ... on level 4 of the Dungeon.
             The game lasted 00:00:51 (2042 turns).

qw the Shooter (Deep Elf Hunter)                    Turns: 2042, Time: 00:00:52

Health: 0/25       AC:  6    Str: 10    XL:     4   Next: 25%
Magic:  6/6        EV: 11    Int: 14    God:
Gold:   165        SH:  0    Dex: 24    Spells: 3/3 levels left

rFire   + . .        Y - +1 shortbow
rCold   + . .        (shield currently unavailable)
rNeg    . . .        i - +0 ring mail
rPois   +            (no helmet)
rElec   +            (no cloak)
rCorr   +            h - +0 pair of gloves
SInv    .            (no boots)
Will    .....        (no amulet)
Stlth   +            k - +6 ring of dexterity
HPRegen 0.24/turn    (no ring)
MPRegen 0.10/turn

%: no passive effects
@: lit by a corona, resistant (expiring), glowing
A: no striking features
a: no special abilities


You were on level 4 of the Dungeon.
You visited 1 branch of the dungeon, and saw 4 of its levels.

You collected 165 gold pieces.


   Skills:
 - Level 1.5 Fighting
 + Level 7.7 Ranged Weapons
 - Level 2.4 Dodging
 - Level 1.2 Stealth


You had 3 spell levels left.
You didn't know any spells.
Your spell library was empty.

Inventory:

Hand Weapons
 Y - a +1 shortbow (weapon)
Armour
 h - a +0 pair of gloves (worn)
 i - a +0 ring mail (worn)
Jewellery
 k - a +6 ring of dexterity (left hand)
Scrolls
 d - a scroll of identify
Potions
 a - a potion of resistance
 e - a potion of degeneration {unknown}
 f - 2 potions of curing

Dungeon Overview and Level Annotations

Branches:
Dungeon (4/15)
 Temple: D:4-7

Altars:

Annotations:
D:4 Dowan, Duvessa


Message History

The arrow hits Duvessa but does no damage.
Duvessa is moderately wounded.
The endoplasm jiggles.
You shoot an arrow.
The arrow hits Duvessa but does no damage.
Duvessa is moderately wounded.
Duvessa hits you with a +0 short sword. The hobgoblin hits you.
You shoot an arrow. The arrow barely misses Duvessa.
The hobgoblin closely misses you. Duvessa hits you with a +0 short sword!
You shoot an arrow. The arrow hits Duvessa.
Duvessa is moderately wounded.
The endoplasm hits you but does no damage.
The hobgoblin hits you.
Dowan's robes are whipped around by a magical breeze.
Duvessa hits you with a +0 short sword.
You shoot an arrow. The arrow hits Duvessa.
Duvessa is moderately wounded.
The endoplasm barely misses you. The hobgoblin hits you.
Duvessa closely misses you.
You shoot an arrow. The arrow hits Duvessa.
Duvessa is heavily wounded.
You start to feel less resistant.
The endoplasm freezes you.
You are frozen.
You resist. The hobgoblin completely misses you. Duvessa closely misses you.
Dowan points at you and mumbles some strange words.
You are outlined in light.
You shoot an arrow.
The arrow hits Duvessa but does no damage.
Duvessa is heavily wounded.
Duvessa closely misses you. The endoplasm freezes you.
You are frozen.
You resist. Dowan hits you but does no damage.
The hobgoblin hits you but does no damage.
Duvessa hits you but does no damage. The endoplasm closely misses you.
The hobgoblin misses you. Dowan hits you with a +0 dagger.
You shoot an arrow. The arrow hits Duvessa.
Duvessa is heavily wounded.
The endoplasm hits you.
You die...

#........:...
#............
#............
#............
#............
#............
#...eeJ......
#...<@g......
######.......
#......
######


You could see Duvessa, Dowan, an endoplasm and a hobgoblin.

Vanquished Creatures
  An adder (D:3)
  2 worms (D:3)
  2 dart slugs
  7 orcs (D:3)
  2 bats (D:1)
  4 endoplasms
  4 giant cockroaches
  A goblin (D:3)
  6 hobgoblins
  5 quokkas
  9 ball pythons
  3 frilled lizards
  3 kobolds
  5 rats
54 creatures vanquished.

Notes
Turn   | Place    | Note
-------+----------+-------------------------------------------
     0 | D:1      | qw the Deep Elf Hunter began the quest for the Orb.
     0 | D:1      | Reached XP level 1. HP: 12/12 MP: 3/3
     0 | D:1      | 0 ||| qw: Version: 0.3-a-9-g12657ce
     0 | D:1      | 0 ||| qw: Game counter: 4852
     0 | D:1      | 0 ||| qw: Always use a shield: true
     0 | D:1      | 0 ||| qw: God list: Okawaru
     0 | D:1      | 0 ||| qw: Allow faded altars: false
     0 | D:1      | 0 ||| qw: Do Orc after D:15 true
     0 | D:1      | 0 ||| qw: Do second Lair branch before Depths: true
     0 | D:1      | 0 ||| qw: Lair rune preference: random
     0 | D:1      | 0 ||| qw: Plans: Normal
     0 | D:1      | 0 ||| PLANNING D:1-11
   169 | D:1      | Reached skill level 6 in Ranged Weapons
   169 | D:1      | Reached XP level 2. HP: 16/16 MP: 4/4
   456 | D:1      | 456 ||| UPGRADING to +0 pair of gloves.
   461 | D:1      | 461 ||| READING scroll labelled SOLUT JI ETORI.
   492 | D:1      | 492 ||| READING scroll labelled CEOFUK KAHEASI.
   493 | D:1      | 493 ||| DRINKING 2 fuming pink potions.
   494 | D:1      | 494 ||| DROPPING scroll of butterflies.
   548 | D:2      | Reached XP level 3. HP: 20/20 MP: 5/5
  1213 | D:2      | 1213 ||| UPGRADING to +0 ring mail.
  1223 | D:2      | 1223 ||| DROPPING +0 leather armour.
  1224 | D:2      | 1224 ||| UPGRADING to +6 ring of dexterity.
  1225 | D:2      | 1225 ||| READING scroll labelled UQOIN YBIKHLAFF.
  1226 | D:2      | 1226 ||| READING scroll labelled BEDAUK OKKITUMUIT.
  1227 | D:2      | 1227 ||| READING scroll labelled VOPARGH TIQOJI.
  1231 | D:2      | 1231 ||| READING scroll labelled MIULIF JOBAPES.
  1233 | D:2      | 1233 ||| Stepping ~*~*~tactically~*~*~ (cloud).
  1365 | D:3      | Reached skill level 7 in Ranged Weapons
  1852 | D:3      | Reached XP level 4. HP: 25/25 MP: 6/6
  1982 | D:3      | 1982 ||| DRINKING 2 yellow potions.
  1983 | D:3      | 1983 ||| READING 2 scrolls of identify.
  1983 | D:3      | 1983 ||| IDENTIFYING fizzy ruby potion
  1984 | D:3      | 1984 ||| DROPPING potion of invisibility.
  2030 | D:4      | Noticed Duvessa
  2032 | D:4      | Noticed Dowan
  2038 | D:4      | HP: 4/25 [Duvessa/+0 short sword (4)]
  2041 | D:4      | HP: 1/25 [Dowan/+0 dagger (1)]
  2042 | D:4      | Slain by an endoplasm

Levels and vault maps discovered:
D:1:      dpeg_arrival_boxorama, layout_rooms
D:2:      layout_basic
D:3:      layout_loops_ring
D:4:      layout_rooms, minmay_temple_entry_fiery, serial_shops,
          nicolae_shop_drivethru, uniq_duvessa, uniq_robin

Skill      XL: |  1  2  3 |
---------------+----------+-----
Ranged Weapons | 6 7 |  7.7
Fighting       | |  1.5
Dodging        | |  2.4
Stealth        | |  1.2

Action                     |  1- 3 |  4- 6 || total
---------------------------+-------+-------++-------
   Fire: Shortbow          |   122 |    28 ||   150
    Use: Scroll            |     6 |     1 ||     7
         Potion            |     1 |     1 ||     2
 Armour: Leather armour    |     6 |       ||     6
         Ring mail         |     4 |     5 ||     9
  Dodge: Dodged            |    20 |    11 ||    31

Table legend:
 A = Non-vault XP
 B = Vault XP
 C = Vault XP percentage of total XP
 D = Non-vault monster count
 E = Vault monster count
 F = Vault count percentage of total count
                 A         B        C        D         E       F
            +---------+---------+-------+---------+---------+-------
      Total |     122 |       0 |   0.0 |      54 |       0 |   0.0
            +---------+---------+-------+---------+---------+-------
        D:1 |      35 |       0 |   0.0 |      21 |       0 |   0.0
        D:2 |      25 |       0 |   0.0 |      13 |       0 |   0.0
        D:3 |      62 |       0 |   0.0 |      20 |       0 |   0.0
            +---------+---------+-------+---------+---------+-------
